AoeStats
← IsraDguez

Golden Pit

509363127Analyzed
1v1 RM · 7d ago on Sep 26, 2026· 33m 0s· 2 players
Game mode
Random Map
Map size
Tiny (2 player)
Population
200
Speed
Normal
Resources
Standard
Victory
Conquest
Starting age
Dark Age
Ending age
Imperial Age
RankedLock teamsTeams togetherTeam positionsShared explorationLock speedFull tech treeHidden civsTurbo modeCheats
Victory
Defeat
🇨🇲 Cumans · Cameroon
831
+15
🇲🇽 Maya · Mexico
815
-15
IsraDguez
0:28 Loom
10:04 Feudal Age
13:19 Scale Mail Armor
15:16 Forging
17:49 Fletching
24:07 Castle Age
22:17 Arson
23:37 Padded Archer Armor
26:31 Wheelbarrow
26:39 Chain Mail Armor
26:27 Squires
29:37 Eagle Warrior
ebonzp
10:35 Feudal Age
15:19 Man-at-Arms
18:59 Forging
19:45 Scale Mail Armor
24:55 Double-Bit Axe
29:59 Castle Age
30:52 Bloodlines
30:54 Scale Barding Armor
Connection lost

Rejoining the realm…

Still unreachable

The connection could not be restored.

Session expired

The server has moved on; the page needs a fresh start.